 Dungeon Crawl Stone Soup version 0.28.0-45-g0d030f2227 (webtiles) character file.

Game seed: 10510114617521068559

585 Kaptain the Digger (level 7, -4/41 HPs)
             Began as a Gargoyle Earth Elementalist on Apr 13, 2022.
             Slain by Duvessa
             ... wielding a +0 short sword of holy wrath
              (15 damage)
             ... on level 4 of the Dungeon on Apr 14, 2022.
             The game lasted 00:07:13 (2460 turns).

Kaptain the Digger (Gargoyle Earth Elementalist)    Turns: 2460, Time: 00:07:14

Health: -4/41      AC:  9    Str: 11    XL:     7   Next: 37%
Magic:  12/12      EV: 12    Int: 24    God:
Gold:   89         SH:  0    Dex: 16    Spells: 9/13 levels left

rFire   . . .      SeeInvis .   m - +4 quarterstaff (chaos)
rCold   . . .      Faith    .   (shield currently unavailable)
rNeg    + . .      Spirit   .   b - +0 robe
rPois   ∞          Reflect  .   (no helmet)
rElec   +          Harm     .   n - +0 cloak
rCorr   .          Rampage  .   k - +0 pair of gloves
Will    .....                   (no boots)
Stlth   ++........              (no amulet)
HPRegen 0.13/turn               j - +6 ring of intelligence
MPRegen 0.13/turn               d - +6 ring of dexterity

@: no status effects
A: sickness immunity, AC +4, negative energy resistance 1, electricity
resistance, torment resistance 1, petrification resistance
a: no special abilities


You were on level 4 of the Dungeon.
You visited 1 branch of the dungeon, and saw 4 of its levels.

You collected 89 gold pieces.

Inventory:

Hand Weapons
 f - a +0 whip of venom
 m - a +4 quarterstaff of chaos (weapon)
 o - a +1 mace of draining
 p - a +2 spear of venom
Missiles
 c - 128 stones
 s - 2 silver boomerangs
Armour
 b - a +0 robe (worn)
 k - a +0 pair of gloves (worn)
 n - a +0 cloak (worn)
Magical Staves
 q - a staff of death
Jewellery
 d - a +6 ring of dexterity (right hand)
 j - a +6 ring of intelligence (left hand)
Wands
 a - a wand of polymorph (4)
Scrolls
 r - 3 scrolls of identify {unknown}
 u - a scroll of fear {unknown}
 w - a scroll of vulnerability {unknown}
Potions
 e - a potion of haste {unknown}
 g - a potion of berserk rage {unknown}
 h - a potion of degeneration {unknown}
 i - 2 potions of heal wounds {unknown}
 l - a potion of curing {unknown}
 t - a potion of lignification {unknown}
 v - a potion of flight {unknown}


   Skills:
 * Level 3.4 Fighting
 + Level 2.3 Armour
 + Level 2.4 Dodging
 - Level 2.1 Stealth
 * Level 3.6 Spellcasting
 * Level 3.4 Conjurations
 - Level 0.7 Transmutations
 * Level 5.5 Earth Magic


You had 9 spell levels left.
You knew the following spells:

 Your Spells              Type           Power      Damage    Failure   Level
a - Sandblast             Erth           60%        2d14      1%          1
b - Stone Arrow           Conj/Erth      50%        3d10      4%          3

Your spell library contained the following spells:

 Spells                   Type           Power      Damage    Failure   Level
 Passwall                 Tmut/Erth      15%        N/A       4%          2
 Petrify                  Tmut/Erth      19%        N/A       28%         4
 Passage of Golubria      Tloc           4%         N/A       71%         4
 Silence                  Hex/Air        2%         N/A       96%         5
 Lehudib's Crystal Spear  Conj/Erth      12%        10d4      100%        8


Dungeon Overview and Level Annotations

Branches:
Dungeon (4/15)
 Temple: D:4-7

Altars:

Shops:
D:2 *

Annotations:
D:4 Duvessa


Innate Abilities, Weirdness & Mutations

You are immune to sickness and miasma.
Your stone body is resilient. (AC +4)
You are immune to poison.
You resist negative energy. (rN+)
You are resistant to electric shocks. (rElec)
You are resistant to unholy torment.
You are immune to petrification.


Message History

Dowan blinks!
An adder comes into view.
The ball python hisses angrily.
There is an open door here.
There is an open door here.
The ball python bites you but does no damage.
The ball python barely misses you.
The adder hisses angrily.
You hit the ball python.
You kill the ball python!
Duvessa shouts!
The adder hisses angrily.
Duvessa gestures with her weapon.
Dowan casts a spell at you.
The puff of frost hits you but does no damage.
You see here a ball python corpse.
You sock Dowan! You freeze Dowan.
Dowan is severely wounded.
Dowan closely misses you.
You closely miss Dowan.
Dowan is severely wounded.
Dowan gestures at Duvessa while chanting.
Duvessa seems to speed up.
You sock Dowan! You freeze Dowan.
You kill Dowan!
Duvessa weeps, and shakes her weapon.
Duvessa goes berserk!
Duvessa closely misses you.
You hit Duvessa but do no damage. Duvessa barely misses you.
Duvessa hits you with a +0 short sword of holy wrath!
Unknown command.
You barely miss Duvessa.
Duvessa hits you with a +0 short sword of holy wrath.
Duvessa hits you with a +0 short sword of holy wrath!
Unknown command.
You hit Duvessa.
Duvessa suddenly seems more agile.
Duvessa is lightly wounded.
Duvessa hits you with a +0 short sword of holy wrath!
* * * LOW HITPOINT WARNING * * *
Duvessa hits you with a +0 short sword of holy wrath!
You die...

#####§ ##....# .....[###
#....# .....e..# #....#
......e.# #....# ........#
###### .......:# ........##
#####
........S####...###########
........Se@.'...'..)))†....
########.####...####.######
###..###...# #)#
#..........# #.#
#..........# #.#
#..........####.#
#####...........#
#...........# #........)..#


You could see Duvessa (berserk, fast, agile) and 2 adders.

Vanquished Creatures
  A black bear (D:4)
  2 ogres (D:4)
  Dowan (D:4)
  Crazy Yiuf (D:2)
  Ijyb (D:2)
  Terence (D:3)
  Natasha (twice) (D:3)
  7 gnolls
  An adder (D:2)
  An ufetubus (D:3)
  2 worms (D:2)
  A dart slug (D:3)
  5 ball pythons
  7 endoplasms
  3 giant cockroaches
  7 goblins
  A hobgoblin (D:4)
  4 jackals (D:2)
  8 kobolds
  5 quokkas
  6 bats
  3 frilled lizards
  3 rats
73 creatures vanquished.

Notes
Turn   | Place    | Note
-------+----------+-------------------------------------------
     0 | D:1      | Kaptain the Gargoyle Earth Elementalist began the quest for
                  | the Orb.
     0 | D:1      | Reached XP level 1. HP: 10/10 MP: 3/3
   149 | D:1      | Reached XP level 2. HP: 16/16 MP: 3/5
   430 | D:1      | Reached skill level 1 in Fighting
   460 | D:1      | Reached skill level 4 in Earth Magic
   497 | D:1      | Reached skill level 1 in Conjurations
   497 | D:1      | Reached XP level 3. HP: 20/20 MP: 4/6
   502 | D:1      | Learned a level 3 spell: Stone Arrow
   733 | D:2      | Found a faded altar of an unknown god.
   755 | D:2      | Reached skill level 1 in Armour
   993 | D:2      | Reached XP level 4. HP: 25/25 MP: 4/7
  1055 | D:2      | Found Noudeiqo's Assorted Antiques.
  1193 | D:2      | Found a runed translucent door.
  1194 | D:2      | Noticed Crazy Yiuf
  1199 | D:2      | Killed Crazy Yiuf
  1343 | D:3      | Noticed Ijyb
  1348 | D:3      | Noticed Terence
  1384 | D:2      | Killed Ijyb
  1385 | D:2      | Reached XP level 5. HP: 25/30 MP: 6/9
  1657 | D:3      | Killed Terence
  1833 | D:3      | Noticed Natasha
  1836 | D:3      | Killed Natasha
  2124 | D:3      | Noticed Natasha
  2129 | D:3      | Killed Natasha
  2130 | D:3      | Reached XP level 6. HP: 29/36 MP: 10/10
  2301 | D:4      | Noticed a black bear
  2307 | D:4      | Killed a black bear
  2308 | D:4      | Reached skill level 5 in Earth Magic
  2339 | D:4      | Reached XP level 7. HP: 41/41 MP: 2/12
  2441 | D:4      | Noticed Duvessa
  2444 | D:4      | Noticed Dowan
  2457 | D:4      | Killed Dowan
  2460 | D:4      | Slain by Duvessa

Illustrated notes

Levels and vault maps discovered:
D:1:      dpeg_arrival_tiny_h, layout_rooms, minmay_misc_feat_hallway
D:2:      minmay_angry_zag, layout_rooms, dreamdust_ecumenical_altar_statues,
          serial_shops, nicolae_square_shop, uniq_crazy_yiuf_cottage
D:3:      layout_loops_ring, kennysheep_generic_room_14, uniq_natasha,
          uniq_ijyb, uniq_terence
D:4:      layout_basic, uniq_duvessa

Skill      XL: |  1  2  3  4  5  6 |
---------------+-------------------+-----
Fighting       | 1 2 3 |  3.4
Earth Magic    | 4 5 |  5.5
Conjurations   | 1 2 3 |  3.4
Armour         | 1 2 |  2.3
Dodging        | 2 |  2.4
Spellcasting   | 3 |  3.6
Stealth        | |  2.1
Transmutations | |  0.7

Action                   |  1- 3 |  4- 6 |  7- 9 || total
-------------------------+-------+-------+-------++-------
Melee: Mace              |    31 |     3 |       ||    34
       Spear             |     1 |       |       ||     1
       Whip              |     7 |       |       ||     7
       Punch             |     1 |       |       ||     1
       Quarterstaff      |       |    29 |    19 ||    48
       Unarmed           |       |     1 |       ||     1
 Cast: Sandblast         |    40 |    29 |     2 ||    71
       Stone Arrow       |       |     2 |       ||     2
 Stab: Sleeping          |     1 |       |       ||     1
       Distracted        |       |     1 |       ||     1
Armor: Robe              |    23 |    13 |     8 ||    44
Dodge: Dodged            |    38 |    16 |    14 ||    68
